 Dungeon Sprint DCSS version 0.31-a0-854-g362426d53f (webtiles) character file.

Game seed: 6975611217827755628

278 rocky1 the Grappler (level 9, -4/75 HPs)
             Began as a Gnoll Shapeshifter on Oct 9, 2023.
             Was an Initiate of Gozag.
             Slain by the 27-headed Lernaean hydra (5 damage)
             ... in the Dungeon (Sprint VI: "Thunderdome").
             The game lasted 00:07:52 (559 turns).

rocky1 the Grappler (Gnoll Shapeshifter)             Turns: 559, Time: 00:07:53

Health: -4/75      AC: 13    Str: 15    XL:     9   Next: 51%
Magic:  0/29       EV:  8    Int: 10    God:    Gozag
Gold:   1248       SH:  0    Dex: 17    Spells: 23/23 levels left

rFire   + .          .
                       - Unarmed
rCold   + . .        (no shield)
rNeg    + . .        q - +0 plate armour
rPois   +            (helmet currently unavailable)
rElec   .            (cloak currently unavailable)
rCorr   .            (gloves currently unavailable)
SInv    .            (boots currently unavailable)
Will    +....        s - amulet "Ledaugal" {Spirit rPois Regen+ Slay+2}
Stlth   +            r - ring "Kinoramau" {rN+ Will+ Stlth+}
HPRegen 0.32/turn    u - ring of Zepp {rPois rF+ rC+ MP+9 Dex+3}
MPRegen 0.21/turn

%: no teleportation, guardian spirit
@: beast-form
A: beast (slay +4), fangs 1, strong nose, distributed training
a: Begin Untransformation, Renounce Religion, Potion Petition, Call Merchant,
Bribe Branch


You were in the Dungeon.
You worshipped Gozag.
Gozag was most pleased with you.
You were a hulking beast.
You visited 1 branch You collected 2256 gold pieces.
You spent 1008 gold pieces at shops.

Inventory:

Armour
 a - a +0 animal skin
 o - a +0 pair of gloves
 p - a +0 cloak
 q - a +0 plate armour (worn)
Jewellery
 m - the ring of Lor Rom {Fire Will- Str+3 Int+3}
   (You bought it in a shop in the Dungeon)

   [ring of fire]

   Fire:      It enhances your fire magic.
   Str+3:     It affects your strength (+3).
   Int+3:     It affects your intelligence (+3).
   rF+:       It protects you from fire.
   rC-:       It makes you vulnerable to cold.
   Will-:     It decreases your willpower.
 r - the ring "Kinoramau" (left hand) {rN+ Will+ Stlth+}
   (You bought it in a shop in the Dungeon)

   [ring of positive energy]

   rN+:       It protects you from negative energy.
   Will+:     It increases your willpower.
   Stlth+:    It makes you more stealthy.
 s - the amulet "Ledaugal" (around neck) {Spirit rPois Regen+ Slay+2}
   (You bought it in a shop in the Dungeon)

   [amulet of guardian spirit]

   Spirit:    It causes incoming damage to be divided between your reserves of
   health and magic.
   Slay+2:    It affects your accuracy & damage with ranged weapons and melee
   (+2).
   rPois:     It protects you from poison Regen+: It increases your rate of
   health regeneration.
 t - the ring "Nastewn" {Wiz Str-5 Dex+9}
   (You bought it in a shop in the Dungeon)

   [ring of wizardry]

   Wiz:       It improves your spell success rate.
   Str-5:     It affects your strength (-5).
   Dex+9:     It affects your dexterity (+9).
 u - the ring of Zepp (right hand) {rPois rF+ rC+ MP+9 Dex+3}
   (You bought it in a shop in the Dungeon)

   [ring of protection from fire]

   Dex+3:     It affects your dexterity (+3).
   rF+:       It protects you from fire.
   rC+:       It protects you from cold.
   rPois:     It protects you from poison MP+9: It affects your magic capacity
   (+9).
Talismans
 c - a beast talisman (active)
 d - a flux talisman
Wands
 l - a wand of acid (2) (quivered)
Scrolls
 n - 3 scrolls of fog
Potions
 b - 4 potions of heal wounds
 e - 3 potions of curing
 g - 4 potions of haste
 h - a potion of magic
 k - a potion of resistance


   Skills:
 + Level 8.4 Fighting
 + Level 7.9 Short Blades
 + Level 7.9 Long Blades
 + Level 7.9 Axes
 + Level 7.9 Maces & Flails
 + Level 7.9 Polearms
 + Level 7.9 Staves
 + Level 7.9 Ranged Weapons
 + Level 7.9 Throwing
 + Level 7.9 Armour
 + Level 9.2 Dodging
 + Level 7.9 Stealth
 + Level 7.9 Shields
 + Level 10.3 Unarmed Combat
 + Level 7.9 Spellcasting
 + Level 6.6 Conjurations
 + Level 6.6 Hexes
 + Level 6.6 Summonings
 + Level 6.6 Necromancy
 + Level 6.6 Translocations
 + Level 6.6 Transmutations
 + Level 6.6 Fire Magic
 + Level 6.6 Ice Magic
 + Level 6.6 Air Magic
 + Level 6.6 Earth Magic
 + Level 6.6 Poison Magic
 + Level 8.7 Invocations
 + Level 7.9 Evocations
 + Level 9.8 Shapeshifting


You had 23 spell levels left.
You didn't know any spells.
Your spell library was empty.

Dungeon Overview and Level Annotations

Branches:
Dungeon (1/1)

Altars:
Cheibriados
Dithmenos
Fedhas
Gozag
Kikubaaqudgha
Makhleb
Okawaru
Qazlal
Ru
Sif Muna
Trog
Uskayaw
Vehumet
Wu Jian
Xom
Yredelemnul
Zin
The Shining One
Lugonu

Shops:
D *[=??*?*:[((!!!!

Annotations:
D Lernaean hydra


Innate Abilities, Weirdness & Mutations

You are a hulking beast.
Your limbs bulge with bestial killing power. (Slay +4)
You have very sharp teeth.
Your uncanny sense of smell can sniff out nearby items.
Your experience applies equally to all skills.


Message History

The bolt of acid hits the 27-headed Lernaean hydra!!
The 27-headed Lernaean hydra is moderately wounded.
Aiming: Corrosive Bolt
Press: ? - help, Q - select action, (/) - cycle Shift-Dir - straight line, f/p - 27-headed Lernaean hydra
Aim: the 27-headed Lernaean hydra (moderately wounded, covered in acid, 91% to hit)
The bolt of acid hits the 27-headed Lernaean hydra!!
The 27-headed Lernaean hydra seems to be corroded for longer.
The 27-headed Lernaean hydra is heavily wounded.
You hit the 27-headed Lernaean hydra.
The 27-headed Lernaean hydra is heavily wounded.
Unknown command.
Unknown command.
You hit the 27-headed Lernaean hydra.
The 27-headed Lernaean hydra is heavily wounded.
You recover from your berserk rage.
The 27-headed Lernaean hydra bites you but does no damage.
The 27-headed Lernaean hydra bites you.
The 27-headed Lernaean hydra bites you! x3
The 27-headed Lernaean hydra bites you but does no damage.
The 27-headed Lernaean hydra bites you!
The 27-headed Lernaean hydra bites you. x2
The 27-headed Lernaean hydra bites you but does no damage.
The 27-headed Lernaean hydra bites you!
The 27-headed Lernaean hydra closely misses you.
The 27-headed Lernaean hydra bites you.
The 27-headed Lernaean hydra bites you but does no damage.
The 27-headed Lernaean hydra barely misses you.
The 27-headed Lernaean hydra bites you!
* * * LOW HITPOINT WARNING * * *
The 27-headed Lernaean hydra bites you!
* * * LOW HITPOINT WARNING * * *
The 27-headed Lernaean hydra closely misses you.
The 27-headed Lernaean hydra bites you but does no damage.
The 27-headed Lernaean hydra bites you.
* * * LOW HITPOINT WARNING * * *
The 27-headed Lernaean hydra bites you!
* * * LOW HITPOINT WARNING * * *
The 27-headed Lernaean hydra bites you.
* * * LOW HITPOINT WARNING * * *
The 27-headed Lernaean hydra bites you. x2
You die...
Your body crumbles into a pile of gold.

##.....## ##∩.....∩##
#∩.......∩# #_......._#
#.........# #_......._#
###.........### #⌠...D.......⌠#
######.8..h......8.######
##∩___......###......__.∩##
###∩........8.# #.8........∩##
##.............###.............
#⌠..........###...###..........
#⌠..........# #.<.# #..........
#⌠..........###...###..........
##.............###[............
###∩........8.# #.8........∩##


You could see the 27-headed Lernaean hydra (corroded).

Vanquished Creatures
  A hydra (D)
  A bog body (D)
  2 cane toads (D)
  A tyrant leech (D)
  2 water moccasins (D)
  A swamp drake (D)
  2 wolves (D)
  A gnoll sergeant (D)
  2 hounds (D)
  A gnoll bouda (D)
  3 adders (D)
  An orc (D)
  3 ball pythons (D)
  A kobold (D)
  A rat (D)
23 creatures vanquished.

Notes
Turn   | Place    | Note
-------+----------+-------------------------------------------
     0 | D        | rocky1 the Gnoll Shapeshifter began the quest for the Orb.
     0 | D        | Reached XP level 1. HP: 17/17 MP: 1/1
     3 | D        | Found a corrupted altar of Lugonu.
     3 | D        | Found a shadowy altar of Dithmenos.
     4 | D        | Found a blossoming altar of Fedhas.
     5 | D        | Found a glowing golden altar of the Shining One.
     5 | D        | Found an opulent altar of Gozag.
     5 | D        | Round 1.
     6 | D        | Found a burning altar of Makhleb.
     6 | D        | Found Betul's Staff Store.
     6 | D        | Found Wiaminigur's Magic Scroll Shop.
     7 | D        | Found Xisoobb's Must-Have Magic.
     7 | D        | Found Zudis's Magic Scroll Shop.
     9 | D        | Found a radiant altar of Vehumet.
    13 | D        | Became a worshipper of Gozag Ym Sagoz the Greedy
    21 | D        | Found Fezexouh's Distillery.
    22 | D        | Found Defreuru's Distillery.
    22 | D        | Found Rig Suro's Bottled Wisdom.
    23 | D        | Found a hide-covered altar of Uskayaw.
    23 | D        | Found an iron altar of Okawaru.
    23 | D        | Found a sacrificial altar of Ru.
    23 | D        | Found Qexichep's Do-It-Yourself Clinic.
    27 | D        | Found a stormy altar of Qazlal.
    28 | D        | Found a snail-covered altar of Cheibriados.
    29 | D        | Found a basalt altar of Yredelemnul.
    30 | D        | Found Buxu's Weapon Rack.
    31 | D        | Found a glowing silver altar of Zin.
    31 | D        | Found a shimmering blue altar of Sif Muna.
    31 | D        | Found Didubb's Premium Goods.
    31 | D        | Found Umeyvv Efac's Basic Armour.
    31 | D        | Found Dockiafu's Miscellaneous Merchandise.
    40 | D        | Found an ornate altar of the Wu Jian Council.
    41 | D        | Found a bloodstained altar of Trog.
    43 | D        | Found a shimmering altar of Xom.
    47 | D        | Found Yfonodiy's Identification Station.
    48 | D        | Found Cosajeri's Advanced Armour.
    48 | D        | Found Vutiw's Jewellery.
    49 | D        | Found an ancient bone altar of Kikubaaqudgha.
    49 | D        | Found Loackiki's Timeless Talismans.
   132 | D        | Reached skill level 1 in Invocations
   134 | D        | Arena points: 12 (+12) [x2]
   135 | D        | Reached skill level 1 in Short Blades
   135 | D        | Reached skill level 1 in Long Blades
   135 | D        | Reached skill level 1 in Axes
   135 | D        | Reached skill level 1 in Maces & Flails
   135 | D        | Reached skill level 1 in Polearms
   135 | D        | Reached skill level 1 in Staves
   135 | D        | Reached skill level 1 in Ranged Weapons
   135 | D        | Reached skill level 1 in Throwing
   135 | D        | Reached skill level 1 in Armour
   135 | D        | Reached skill level 1 in Stealth
   135 | D        | Reached skill level 1 in Shields
   135 | D        | Reached skill level 1 in Spellcasting
   135 | D        | Reached skill level 1 in Evocations
   190 | D        | Bought a +0 pair of gloves for 54 gold pieces
   190 | D        | Bought a +0 cloak for 54 gold pieces
   190 | D        | Bought a +0 plate armour for 276 gold pieces
   198 | D        | Round 2.
   211 | D        | Noticed a water moccasin
   219 | D        | Killed a water moccasin
   220 | D        | Reached skill level 5 in Dodging
   220 | D        | Reached skill level 7 in Unarmed Combat
   220 | D        | Reached XP level 2. HP: 5/25 MP: 3/6
   220 | D        | Reached XP level 3. HP: 7/30 MP: 3/7
   220 | D        | Reached XP level 4. HP: 8/37 MP: 3/8
   223 | D        | Reached XP level 5. HP: 33/42 MP: 3/9
   238 | D        | Bought 4 potions of curing for 84 gold pieces
   238 | D        | Bought 3 potions of heal wounds for 105 gold pieces
   287 | D        | Noticed a water moccasin
   298 | D        | Killed a water moccasin
   299 | D        | Reached skill level 5 in Fighting
   299 | D        | Reached XP level 6. HP: 51/51 MP: 9/12
   323 | D        | Arena points: 54 (+42) [x3]
   364 | D        | Round 3.
   379 | D        | Reached skill level 8 in Unarmed Combat
   382 | D        | Reached skill level 5 in Invocations
   383 | D        | Reached skill level 5 in Short Blades
   383 | D        | Reached skill level 5 in Long Blades
   383 | D        | Reached skill level 5 in Axes
   383 | D        | Reached skill level 5 in Maces & Flails
   383 | D        | Reached skill level 5 in Polearms
   383 | D        | Reached skill level 5 in Staves
   383 | D        | Reached skill level 5 in Ranged Weapons
   383 | D        | Reached skill level 5 in Throwing
   383 | D        | Reached skill level 5 in Armour
   383 | D        | Reached skill level 5 in Stealth
   383 | D        | Reached skill level 5 in Shields
   383 | D        | Reached skill level 5 in Spellcasting
   383 | D        | Reached skill level 5 in Evocations
   383 | D        | Reached XP level 7. HP: 25/57 MP: 12/14
   401 | D        | Arena points: 138 (+84) [x4]
   432 | D        | Bought a bound amber ring for 45 gold pieces
   432 | D        | Identified the ring of Lor Rom {Fire Will- Str+3 Int+3}
                  | (You bought it in a shop in the Dungeon)
   432 | D        | Bought an ancient silver ring for 45 gold pieces
   432 | D        | Identified the ring "Kinoramau" {rN+ Will+ Stlth+} (You
                  | bought it in a shop in the Dungeon)
   432 | D        | Bought a translucent platinum amulet for 45 gold pieces
   432 | D        | Identified the amulet "Ledaugal" {Spirit rPois Regen+
                  | Slay+2} (You bought it in a shop in the Dungeon)
   438 | D        | Bought a steaming bronze ring for 45 gold pieces
   438 | D        | Identified the ring "Nastewn" {Wiz Str-5 Dex+9} (You bought
                  | it in a shop in the Dungeon)
   438 | D        | Bought a slimy platinum ring for 45 gold pieces
   438 | D        | Identified the ring of Zepp {rPois rF+ rC+ MP+9 Dex+3} (You
                  | bought it in a shop in the Dungeon)
   439 | D        | Round 4.
   440 | D        | Noticed a five-headed hydra
   458 | D        | Killed a five-headed hydra
   459 | D        | Reached skill level 9 in Unarmed Combat
   459 | D        | Reached skill level 5 in Conjurations
   459 | D        | Reached skill level 5 in Hexes
   459 | D        | Reached skill level 5 in Summonings
   459 | D        | Reached skill level 5 in Necromancy
   459 | D        | Reached skill level 5 in Translocations
   459 | D        | Reached skill level 5 in Transmutations
   459 | D        | Reached skill level 5 in Fire Magic
   459 | D        | Reached skill level 5 in Ice Magic
   459 | D        | Reached skill level 5 in Air Magic
   459 | D        | Reached skill level 5 in Earth Magic
   459 | D        | Reached skill level 5 in Poison Magic
   459 | D        | Reached XP level 8. HP: 67/67 MP: 10/17
   474 | D        | Noticed a cane toad
   475 | D        | Noticed a bog body
   478 | D        | Noticed a tyrant leech
   489 | D        | HP: 2/67 [bog body/bolt of cold (8)]
   490 | D        | Killed a bog body
   491 | D        | Reached XP level 9. HP: 3/74 MP: 0/19
   493 | D        | Bought 3 potions of heal wounds for 105 gold pieces
   493 | D        | Bought 3 potions of heal wounds for 105 gold pieces
   498 | D        | Noticed a cane toad
   503 | D        | Killed a cane toad
   504 | D        | Reached skill level 10 in Unarmed Combat
   505 | D        | Killed a cane toad
   514 | D        | Killed a tyrant leech
   514 | D        | Arena points: 278 (+140) [x5]
   547 | D        | Round 5.
   549 | D        | Noticed the 27-headed Lernaean hydra
   559 | D        | HP: 3/75 [the 27-headed Lernaean hydra (5)]
   559 | D        | HP: 1/75 [the 27-headed Lernaean hydra (2)]
   559 | D        | Slain by the 27-headed Lernaean hydra

Illustrated notes

Levels and vault maps discovered:
D:        arena_sprint

Skill      XL: |  1  2  3  4  5  6  7  8  9 |
---------------+----------------------------+-----
Invocations    | 3 4 5 7 8 |  8.7
Short Blades   | 3 4 5 6 7 |  7.9
Long Blades    | 3 4 5 6 7 |  7.9
Axes           | 3 4 5 6 7 |  7.9
Maces & Flails | 3 4 5 6 7 |  7.9
Polearms       | 3 4 5 6 7 |  7.9
Staves         | 3 4 5 6 7 |  7.9
Ranged Weapons | 3 4 5 6 7 |  7.9
Throwing       | 3 4 5 6 7 |  7.9
Armour         | 3 4 5 6 7 |  7.9
Stealth        | 3 4 5 6 7 |  7.9
Shields        | 3 4 5 6 7 |  7.9
Spellcasting   | 3 4 5 6 7 |  7.9
Evocations     | 3 4 5 6 7 |  7.9
Fighting       | 4 5 7 8 |  8.4
Dodging        | 5 6 7 8 9 |  9.2
Unarmed Combat | 7 8 9 10 | 10.3
Conjurations   | 2 3 4 5 6 |  6.6
Hexes          | 2 3 4 5 6 |  6.6
Summonings     | 2 3 4 5 6 |  6.6
Necromancy     | 2 3 4 5 6 |  6.6
Translocations | 2 3 4 5 6 |  6.6
Transmutations | 2 3 4 5 6 |  6.6
Fire Magic     | 2 3 4 5 6 |  6.6
Ice Magic      | 2 3 4 5 6 |  6.6
Air Magic      | 2 3 4 5 6 |  6.6
Earth Magic    | 2 3 4 5 6 |  6.6
Poison Magic   | 2 3 4 5 6 |  6.6
Shapeshifting  | 7 8 9 |  9.8

Action                     |  1- 3 |  4- 6 |  7- 9 || total
---------------------------+-------+-------+-------++-------
  Melee: Unarmed           |    15 |    18 |    47 ||    80
         Bite              |     3 |     2 |     4 ||     9
         Punch             |       |       |     2 ||     2
  Evoke: Wand              |     2 |     3 |     3 ||     8
    Use: Potion            |     1 |     1 |    12 ||    14
         Scroll            |       |       |     4 ||     4
   Stab: Distracted        |       |       |     2 ||     2
 Armour: Plate armour      |     5 |    24 |    55 ||    84
         Animal skin       |     5 |       |       ||     5
         Skin              |       |       |    29 ||    29
  Dodge: Dodged            |     6 |     9 |    14 ||    29

Table legend: (Time is in decaauts)
 A = Elapsed time spent in this place.
 B = Non-inter-level travel time spent in this place.
 C = Inter-level travel time spent in this place.
 D = Time resting spent in this place.
 E = Time spent auto-exploring this place.
 F = Levels seen in this place.
 G = Mean time per level.
                   A        B        C        D        E       F      G
               +--------+--------+--------+--------+--------+-----+--------+
         Total |    564 |    564 |      0 |    111 |     87 |   1 |  564.0 |
       Dungeon |    564 |    564 |      0 |    111 |     87 |   1 |  564.0 |
               +--------+--------+--------+--------+--------+-----+--------+

Top non-repeatable levels by time:
       D: 564 daAuts
